 Dungeon Crawl Stone Soup version 0.29.1-12-g30fa7ad0bf (webtiles) character file.

Game seed: 13395944087143741780

14128 wormed the Severer (level 12, -12/110 HPs)
             Began as a Hill Orc Fighter on Dec 28, 2022.
             Was a Priest of Okawaru.
             Mangled by Snorg (16 damage)
             ... on level 10 of the Dungeon.
             The game lasted 00:21:56 (12053 turns).

wormed the Severer (Hill Orc Fighter)              Turns: 12053, Time: 00:21:57

Health: -12/110    AC: 21    Str: 24      XL:     12   Next: 13%
Magic:  12/12      EV: 13    Int:  8      God:    Okawaru [***...]
Gold:   574        SH: 11    Dex: 12 (13) Spells: 11/11 levels left

rFire   . . .      SeeInvis .   a - +1 war axe
rCold   . . .      Faith    .   I - +0 kite shield
rNeg    . . .      Spirit   .   A - +5 ring mail "Betuo" {Will+}
rPois   .          Reflect  .   q - +0 helmet
rElec   .          Harm     .   r - +0 cloak
rCorr   .          Rampage  .   z - +2 pair of gloves {Dex+3}
Will    +....                   H - +1 pair of boots
Stlth   +.........              M - amulet of regeneration
HPRegen 1.08/turn               e - +4 ring of evasion
MPRegen 0.13/turn               (no ring)

@: no status effects
A: no striking features
a: Renounce Religion, Heroism


You were on level 10 of the Dungeon.
You worshipped Okawaru.
Okawaru was most pleased with you.
You visited 3 branches of the dungeon, and saw 12 of its levels.
You also visited: Sewer.

You collected 739 gold pieces.
You spent 165 gold pieces at shops.

Inventory:

Hand Weapons
 a - a +1 war axe (weapon)
 N - a +3 flail of freezing
Missiles
 j - 8 poisoned darts (quivered)
 n - 11 javelins
 F - a throwing net
 Q - 2 curare-tipped darts
Armour
 q - a +0 helmet (worn)
 r - a +0 cloak (worn)
 z - a +2 pair of gloves of dexterity (worn)
 A - the +5 ring mail "Betuo" (worn) {Will+}
   (You found it on level 4 of the Dungeon)

   Will:      It increases your willpower.
 H - a +1 pair of boots (worn)
 I - a +0 kite shield (worn)
Jewellery
 e - a +4 ring of evasion (left hand)
 M - an amulet of regeneration (around neck)
Wands
 s - a wand of paralysis (17)
 v - a wand of mindburst (5)
 x - a wand of iceblast (12)
Scrolls
 b - 2 scrolls of noise {unknown}
 c - a scroll of silence {unknown}
 i - 5 scrolls of enchant armour
 k - a scroll of fear {unknown}
 w - 7 scrolls of enchant weapon
 y - a scroll of fog {unknown}
 B - 3 scrolls of magic mapping {unknown}
 C - a scroll of amnesia {unknown}
 D - 4 scrolls of immolation {unknown}
 G - 2 scrolls of torment {unknown}
 J - a scroll of acquirement {unknown}
 K - 4 scrolls of teleportation {unknown}
Potions
 d - a potion of might
 f - 4 potions of attraction
 g - 4 potions of haste
 h - a potion of magic
 l - 2 potions of brilliance
 m - 2 potions of mutation
 o - a potion of cancellation {unknown}
 p - 4 potions of curing
 t - 5 potions of flight
 E - a potion of resistance
 L - a potion of lignification
 P - a potion of degeneration {unknown}


   Skills:
 + Level 11.0 Fighting
 * Level 15.8 Axes
 + Level 10.1 Armour
 + Level 10.1 Shields


You had 11 spell levels left.
You didn't know any spells.
Your spell library contained the following spells:

 Spells                   Type           Power      Damage    Failure   Level
 Foxfire                  Conj/Fire      0%         2x1d4     80%         1
 Confusing Touch          Hex            0%         N/A       99%         3
 Conjure Flame            Conj/Fire      0%         6-21      99%         3
 Gell's Gravitas          Tloc           0%         N/A       99%         3
 Inner Flame              Hex/Fire       0%         N/A       99%         3
 Lesser Beckoning         Tloc           0%         N/A       99%         3
 Teleport Other           Tloc           0%         N/A       99%         3
 Flame Wave               Conj/Fire      0%         2d4       100%        4
 Yara's Violent Unravell  Hex/Tmut       0%         3d3       100%        5
 Enfeeble                 Hex            0%         N/A       100%        7


Dungeon Overview and Level Annotations

Branches:
Dungeon (10/15)            Temple (1/1) D:7            Lair (1/5) D:9
  Sewer (visited)
    Orc: D:9-12

Altars:
Ashenzari
Cheibriados
Dithmenos
Elyvilon
Fedhas
Gozag
Hepliaklqana
Kikubaaqudgha
Makhleb
Nemelex Xobeh
Okawaru
Qazlal
Ru
Sif Muna
Trog
Uskayaw
Vehumet
Wu Jian
Xom
Yredelemnul
Zin
The Shining One
Lugonu

Shops:
D:3 [   D:10 :

Annotations:
D:10 Snorg


Message History

You slash Snorg!
Snorg is heavily wounded.
Snorg looks more healthy.
Snorg bites you. Snorg claws you! Snorg barely misses you.
You slash Snorg!
Snorg is severely wounded.
You block Snorg's attack. Snorg completely misses you.
You block Snorg's attack.
You closely miss Snorg.
Snorg is severely wounded.
You feel like a meek peon again.
You block Snorg's attack. x2; Snorg barely misses you.
You block Snorg's attack. Snorg claws you! Snorg claws you but does no damage.
You closely miss Snorg.
Snorg is severely wounded.
Snorg bites you! Snorg barely misses you. Snorg claws you.
You slice Snorg!!
Snorg is severely wounded.
Snorg barely misses you. Snorg misses you. You block Snorg's attack.
You slice Snorg!!
Snorg is almost dead.
Snorg bites you but does no damage. Snorg barely misses you. Snorg claws you.
You closely miss Snorg.
Snorg is almost dead.
Snorg bites you!
* * * LOW HITPOINT WARNING * * *
Snorg claws you but does no damage. Snorg claws you!
* * * LOW HITPOINT WARNING * * *
You block Snorg's attack. Snorg barely misses you. You block Snorg's attack.
You feel much better. Snorg bites you!!
* * * LOW HITPOINT WARNING * * *
Snorg claws you but does no damage. You block Snorg's attack.
Aiming: Paralyse
Press: ? - help, Shift-Dir - straight line, f/p - Snorg
Aim: Snorg (almost dead, berserk, chance to affect: 17%) Snorg resists with almost no effort.
You block Snorg's attack. x2
Snorg claws you.
* * * LOW HITPOINT WARNING * * *
Snorg bites you!
You die...

#..# #...........#....
#..###...........#.[..
#...................∩.
####.....................
.........................
...........<........###..
###.................# .
#.................#
#.............@...#
#.........#####T..#
#.........# (..#
#.........# ...#
#.........# ...#
#.........# ...#
#.........# (...
#.........# .(..(
###....P.P..# #..#


You could see Snorg (berserk).

Vanquished Creatures
  Erolcha (D:9)
  2 boulder beetles (D:8)
  Urug (D:10)
  A sun demon (D:10)
  A manticore (D:8)
  Joseph (D:7)
  A gargoyle (D:10)
  An orange demon (D:10)
  A rime drake (Lair:1)
  An ice devil (D:10)
  2 trolls (D:9)
  A hornet (D:9)
  Prince Ribbit (D:9)
  Sigmund (D:2)
  A ynoxinul (D:10)
  A wyvern (D:9)
  A wraith (D:10)
  13 yaks
  3 steam dragons
  Menkaure (D:7)
  3 water moccasins
  3 orc warriors
  2 ice beasts
  2 black bears
  5 ogres
  11 wolves
  3 centaurs
  A phantom (D:6)
  2 bullfrogs (D:8)
  A gnoll sergeant (D:6)
  2 necrophages
  2 scorpions
  13 wights
  10 killer bees (D:9)
  A howler monkey (D:8)
  An electric eel (D:9)
  6 quasits (D:10)
  2 gnoll boudas
  An orc priest (D:9)
  11 hounds
  3 jellies
  Ijyb (D:3)
  2 iguanas
  Natasha (thrice) (D:3)
  5 orc wizards
  Robin (D:2)
  12 adders
  16 gnolls
  6 river rats
  2 shadow imps (D:6)
  A white imp (D:5)
  2 worms
  2 adder skeletons (D:2)
  A dart slug (D:2)
  17 orcs
  7 bats
  2 bat skeletons (D:2)
  A bat zombie (D:2)
  12 endoplasms
  8 giant cockroaches
  15 goblins
  9 hobgoblins
  7 jackals
  7 kobolds
  8 quokkas
  7 ball pythons
  A ball python zombie (D:2)
  15 frilled lizards
  A giant cockroach zombie (D:2)
  12 rats
304 creatures vanquished.

Vanquished Creatures (others)
  A gnoll (D:7)
  A demonic plant (D:10)
  2 fungi (D:7)
  2 plants (Lair:1)
  A withered plant (D:2)
7 creatures vanquished.

Grand Total: 311 creatures vanquished

Notes
Turn   | Place    | Note
-------+----------+-------------------------------------------
     0 | D:1      | wormed the Hill Orc Fighter began the quest for the Orb.
     0 | D:1      | Reached XP level 1. HP: 19/19 MP: 1/1
   119 | D:1      | Reached skill level 3 in Axes
   134 | D:1      | Reached XP level 2. HP: 27/27 MP: 2/2
   667 | D:1      | Reached XP level 3. HP: 33/33 MP: 3/3
  1166 | D:2      | Reached skill level 4 in Axes
  1166 | D:2      | Reached XP level 4. HP: 21/40 MP: 4/4
  1414 | D:2      | Noticed Sigmund
  1432 | D:2      | Killed Sigmund
  1433 | D:2      | Reached skill level 5 in Axes
  1433 | D:2      | Reached XP level 5. HP: 30/47 MP: 5/5
  1433 | D:2      | Reached XP level 6. HP: 35/55 MP: 6/6
  1438 | D:2      | Noticed Robin
  1467 | D:2      | Killed Robin
  1836 | D:2      | Found a faded altar of an unknown god.
  2314 | D:3      | Noticed Ijyb
  2324 | D:3      | Paralysed by Ijyb for 2 turns
  2327 | D:3      | Paralysed by Ijyb for 5 turns
  2332 | D:3      | Killed Ijyb
  2333 | D:3      | Reached skill level 5 in Fighting
  2415 | D:3      | Found Othrus's Antique Armour Boutique.
  2563 | D:3      | Reached skill level 6 in Axes
  2637 | D:3      | Noticed Natasha
  2641 | D:3      | Killed Natasha
  2851 | D:3      | Noticed Natasha
  2864 | D:3      | Killed Natasha
  3195 | D:3      | Bought a pair of glowing gloves for 165 gold pieces
  3271 | D:3      | Noticed Natasha
  3277 | D:3      | Killed Natasha
  3278 | D:3      | Reached XP level 7. HP: 54/61 MP: 7/7
  3366 | D:4      | Identified the +5 ring mail "Betuo" {Will+}
  3589 | D:4      | Found a shimmering altar of Xom.
  3612 | D:4      | Found an opulent altar of Gozag.
  3617 | D:4      | Found an opulent altar of Gozag.
  3622 | D:4      | Found an opulent altar of Gozag.
  3631 | D:4      | Reached skill level 5 in Armour
  3631 | D:4      | Reached skill level 5 in Shields
  3636 | D:4      | Found an opulent altar of Gozag.
  3648 | D:4      | Reached skill level 7 in Axes
  3816 | D:4      | Found an ornate altar of the Wu Jian Council.
  3819 | D:4      | Found a sparkling altar of Nemelex Xobeh.
  3828 | D:4      | Found a radiant altar of Vehumet.
  3834 | D:4      | Found a hide-covered altar of Uskayaw.
  4012 | D:4      | Found a glowing drain.
  4018 | Sewer    | Entered a sewer
  4485 | D:5      | Entered Level 5 of the Dungeon
  4511 | D:5      | Reached XP level 8. HP: 65/70 MP: 8/8
  4540 | D:5      | Reached skill level 8 in Axes
  5108 | D:5      | Found a snail-covered altar of Cheibriados.
  5391 | D:5      | Reached skill level 9 in Axes
  5891 | D:6      | Reached XP level 9. HP: 65/79 MP: 9/9
  5980 | D:6      | Reached skill level 10 in Axes
  7246 | D:7      | Noticed Menkaure
  7248 | D:7      | Found a staircase to the Ecumenical Temple.
  7261 | D:7      | Killed Menkaure
  7262 | D:7      | Reached skill level 11 in Axes
  7281 | Temple   | Entered the Ecumenical Temple
  7552 | D:7      | Noticed Joseph
  7567 | D:7      | Killed Joseph
  7577 | D:7      | Reached XP level 10. HP: 63/88 MP: 10/10
  8065 | D:8      | Found a glowing golden altar of the Shining One.
  8065 | D:8      | Found a glowing silver altar of Zin.
  8065 | D:8      | Found a white marble altar of Elyvilon.
  8107 | D:8      | Found a hazy altar of Hepliaklqana.
  8270 | D:8      | Became a worshipper of Elyvilon the Healer
  8366 | D:8      | Reached skill level 12 in Axes
  8680 | D:8      | Noticed a boulder beetle
  8691 | D:8      | Noticed a boulder beetle
  8932 | D:8      | Found a stormy altar of Qazlal.
  9001 | D:8      | Reached * piety under Elyvilon
  9107 | D:8      | Noticed a manticore
  9132 | D:8      | Killed a boulder beetle
  9510 | D:9      | Reached skill level 13 in Axes
  9714 | D:9      | Found a bloodstained altar of Trog.
  9715 | D:9      | Found an iron altar of Okawaru.
  9723 | D:9      | Reached XP level 11. HP: 92/97 MP: 11/11
  9728 | D:9      | Fell from the grace of Elyvilon
  9728 | D:9      | Became a worshipper of Warmaster Okawaru
  9765 | D:9      | Found a staircase to the Lair.
  9977 | D:9      | Noticed Erolcha
  9996 | D:9      | Killed Erolcha
  9997 | D:9      | Reached skill level 14 in Axes
 10465 | D:9      | Noticed Prince Ribbit
 10475 | D:9      | Killed Prince Ribbit
 10475 | D:9      | Reached * piety under Okawaru
 10720 | D:10     | Entered Level 10 of the Dungeon
 10734 | D:10     | Reached skill level 10 in Fighting
 10886 | D:10     | Found Dolirph's Book Boutique.
 10953 | D:10     | Noticed a sun demon
 11090 | D:8      | Found an ancient bone altar of Kikubaaqudgha.
 11256 | D:8      | Killed a boulder beetle
 11309 | D:8      | Killed a manticore
 11309 | D:8      | Reached ** piety under Okawaru
 11424 | Lair:1   | Entered Level 1 of the Lair of Beasts
 11463 | Lair:1   | Reached skill level 15 in Axes
 11515 | Lair:1   | Identified the +1 robe "Meblyps" {Str+4}
 11560 | Lair:1   | Reached *** piety under Okawaru
 11599 | Lair:1   | Noticed an eight-headed hydra
 11667 | D:10     | Killed a sun demon
 11669 | D:10     | Reached XP level 12. HP: 36/108 MP: 9/12
 11850 | D:10     | Reached skill level 10 in Armour
 11850 | D:10     | Reached skill level 10 in Shields
 11938 | D:10     | Noticed Urug
 11958 | D:10     | Killed Urug
 12027 | D:10     | Noticed Snorg
 12053 | D:10     | HP: 4/110 [Snorg (5)]
 12053 | D:10     | Mangled by Snorg

Illustrated notes

Levels and vault maps discovered:
D:1:      dpeg_arrival_leaves_temple_mockup, layout_basic, minivault_23
D:2:      minmay_general_purpose_star, layout_basic, basic_ecumenical_altar,
          serial_undead, serial_undead_a, serial_undead_c, serial_undead_e,
          serial_undead_e, serial_undead_e, serial_undead_c, uniq_robin,
          uniq_sigmund
D:3:      layout_loops_ring, serial_shops, shop, grunt_ministairs_9,
          uniq_natasha, uniq_ijyb
D:4:      layout_cave_pools, nicolae_gozag_conspicuous_consumption,
          grunt_temple_overflow_cloverleaf, mainiacjoe_overflow_six_doors_small,
          portal_sewer_entry_e
D:5:      layout_loops_ring, nicolae_overflow_hidden_temple
D:6:      layout_cave_pools
D:7:      layout_basic, minmay_temple_entry_tees, dreamdust_gnoll_farm,
          uniq_joseph, uniq_menkaure
D:8:      minmay_chambers_of_sixes, layout_basic, good_gods_mini_temple,
          worldfamousw_hep_ancestral_shrine, kennysheep_mini_moat,
          nicolae_qazlal_style_of_elements, kennysheep_dice
D:9:      layout_grid_maze, grunt_temple_overflow_bloody_war, erik_lair_island,
          uniq_erolcha, uniq_prince_ribbit1
D:10:     layout_long_grid, serial_demonic, serial_demonic_d, serial_demonic_g,
          serial_demonic_e, serial_demonic_e, serial_demonic_g,
          serial_demonic_a, serial_demonic_b, serial_demonic_d,
          serial_demonic_a, serial_demonic_b, serial_shops, kennysheep_mini,
          uniq_snorg, uniq_urug
Temple:   corrupted_temple
Lair:1:   layout_long_grid, gauntlet_entry_generic,
          chequers_serial_rivers_small_b, grunt_megastairs_5

Skill      XL: |  1  2  3  4  5  6  7  8  9 10 11 12 |
---------------+-------------------------------------+-----
Axes           | 3 4 5 6 7 9 11 13 15 | 15.8
Fighting       | 4 5 6 7 8 9 10 11 | 11.0
Armour         | 4 5 6 7 8 9 10 | 10.1
Shields        | 4 5 6 7 8 9 10 | 10.1

Action                   |  1- 3 |  4- 6 |  7- 9 | 10-12 || total
-------------------------+-------+-------+-------+-------++-------
Melee: War axe           |   101 |   135 |   398 |   451 ||  1085
Throw: Dart              |       |     5 |       |     9 ||    14
       Javelin           |       |     4 |       |       ||     4
Invok: Heroism           |       |       |       |     3 ||     3
Evoke: Wand              |       |       |       |    22 ||    22
  Use: Scroll            |       |       |     1 |    10 ||    11
       Potion            |       |       |       |     4 ||     4
Armor: Scale mail        |    34 |    41 |     6 |       ||    81
       Ring mail         |       |       |   139 |   255 ||   394
Dodge: Dodged            |    86 |    81 |   316 |   291 ||   774
Block: Buckler           |    23 |    20 |    79 |       ||   122
       Kite shield       |       |       |    48 |   352 ||   400
